Map: Triton LE

Players

Cure - Winner!

  • Race: Terran Terran
  • Spawn Location: 5:00

sOs

  • Race: Protoss Protoss
  • Spawn Location: 11:00

Event: IEM Katowice 2020

VOD

Have the link to the VOD?

Description

Time

  • Played on: Feb. 28, 2020, 2:30 p.m.
  • Length: 9:42

All games in this series

Show
View Real Time Build Order
Export as new Build Order

Cure Terran - Winner!

Build Orders: Gas First Reaper Expand 

Get SALT Encoding   

  12  0:00  SCV  
  13  0:12  SCV  
  14  0:16  Supply Depot  
  14  0:24  SCV  
  14  0:27  Refinery  
  15  0:38  SCV  
  16  0:43  Barracks  
  16  0:50  SCV  
  17  1:02  SCV  
  18  1:14  SCV  
  19  1:30  Reaper, Orbital Command  
  20  1:49  Command Center  
  20  1:56  SCV  
  20  1:58  Factory  
  21  2:05  Barracks Reactor  
  21  2:08  SCV  
  22  2:12  Supply Depot  
  22  2:16  Refinery  
  22  2:20  SCV  
  23  2:34  SCV  
  24  2:41  Marine x2  
  24  2:42  Hellion  
  28  2:45  Starport  
  28  2:47  SCV  
  29  2:54  Supply Depot  
  29  3:00  Marine x2  
  29  3:04  SCV  
  31  3:16  Widow Mine  
  31  3:17  SCV  
  31  3:18  Marine  
  31  3:19  Marine  
  36  3:25  Fusion Core  
  36  3:30  SCV  
  36  3:34  Orbital Command  
  37  3:38  Marine  
  37  3:39  Marine  
  39  3:44  SCV  
  39  3:47  Starport Tech Lab  
  40  3:51  Refinery  
  40  3:52  Factory Tech Lab  
  40  3:56  Marine  
  40  3:57  SCV  
  40  4:00  SCV  
  43  4:05  Supply Depot  
  43  4:09  SCV  
  44  4:12  SCV  
  47  4:22  Siege Tank  
  47  4:23  SCV  
  51  4:24  SCV  
  50  4:37  Battlecruiser  
  55  4:42  Marine x2  
  55  4:44  Supply Depot  
  57  4:48  SCV x2  
  59  4:56  Supply Depot, Siege Tank  
  62  5:06  Marine x2, SCV x2  
  66  5:10  Supply Depot  
  66  5:18  SCV x2  
  66  5:19  Refinery  
  68  5:24  Marine x2  
  70  5:35  SCV x2  
  72  5:36  Supply Depot  
  72  5:39  Weapon Refit  
  72  5:41  Marine x2  
  74  5:47  Battlecruiser  
  74  5:48  SCV x2  
  82  5:54  Supply Depot  
  85  5:57  Siege Tank  
  85  6:00  Marine, SCV x2  
  85  6:01  Marine  
  89  6:07  Supply Depot  
  89  6:12  SCV x2  
  89  6:18  Marine  
  92  6:19  Marine  
  92  6:24  SCV  
  92  6:25  SCV  
  87  6:29  Siege Tank  
  90  6:37  SCV x2, Marine x2  
  87  6:49  SCV x2  
  81  7:01  SCV, Siege Tank  
  84  7:08  Battlecruiser  
  84  7:12  Marine  
  83  7:29  Marine x2  
  79  7:35  Siege Tank  
  69  7:47  Marine x2  
  60  8:01  SCV x2  
  60  8:04  Marine  
  60  8:05  Marine  
  60  8:07  Siege Tank  
  64  8:13  SCV  
  64  8:14  SCV  
  66  8:22  Marine  
  66  8:23  Marine  
  68  8:30  Raven  
  69  8:42  Marine x2  
  71  8:49  SCV x2  
  73  9:00  Marine x2  
  73  9:01  SCV x2  
  77  9:13  SCV  
  77  9:14  SCV  
  77  9:17  Marine x2  
  80  9:25  SCV  
  80  9:26  SCV  
Show
View Real Time Build Order
Export as new Build Order

sOs Protoss 

Build Orders: 1 Gate Expand, Colossus Rush 

Get SALT Encoding   

  12  0:00  Probe  
  13  0:12  Probe  
  14  0:17  Pylon  
  14  0:25  Probe (Chrono Boost)  
  15  0:36  Gateway  
  15  0:37  Probe (Chrono Boost)  
  16  0:43  Probe (Chrono Boost)  
  16  0:46  Assimilator  
  17  0:51  Probe  
  18  1:03  Probe  
  19  1:15  Probe  
  20  1:24  Cybernetics Core  
  20  1:33  Nexus  
  20  1:35  Probe  
  21  1:41  Pylon  
  21  1:47  Probe  
  22  1:54  Assimilator  
  22  1:57  Adept (Chrono Boost)  
  22  1:58  Warp Gate (Chrono Boost)  
  22  1:59  Probe  
  25  2:08  Pylon  
  25  2:11  Probe  
  26  2:17  Stalker (Chrono Boost)  
  28  2:26  Probe  
  27  2:38  Probe  
  27  2:40  Gateway  
  27  2:43  Stalker  
  30  2:47  Probe  
  31  2:52  Probe  
  32  3:00  Probe  
  32  3:04  Probe  
  35  3:12  Probe  
  35  3:13  Robotics Facility  
  35  3:16  Probe  
  36  3:24  Probe  
  37  3:28  Probe  
  38  3:37  Probe  
  38  3:39  Stalker x2  
  38  3:40  Probe  
  44  3:49  Probe (Chrono Boost), Pylon  
  46  3:58  Probe (Chrono Boost)  
  46  4:00  Probe (Chrono Boost), Observer (Chrono Boost)  
  48  4:05  Probe (Chrono Boost)  
  48  4:06  Probe (Chrono Boost)  
  48  4:07  Robotics Bay  
  48  4:09  Assimilator  
  50  4:11  Assimilator  
  50  4:15  Probe  
  50  4:16  Probe  
  52  4:18  Observer (Chrono Boost)  
  52  4:23  Pylon  
  53  4:26  Stalker x2  
  53  4:27  Probe  
  53  4:28  Probe  
  59  4:37  Warp Prism (Chrono Boost)  
  59  4:39  Probe  
  59  4:41  Probe  
  63  4:51  Probe, Pylon  
  64  4:54  Gravitic Drive  
  64  5:00  Pylon  
  64  5:02  Colossus (Chrono Boost)  
  70  5:09  Nexus  
  69  5:16  Pylon  
  69  5:17  Sentry  
  69  5:19  Shield Battery  
  69  5:20  Probe  
  72  5:23  Forge  
  72  5:29  Zealot  
  74  5:38  Gateway x2  
  74  5:44  Observer (Chrono Boost)  
  74  5:48  Gateway  
  75  5:53  Stalker  
  75  5:54  Gateway, Stalker  
  75  5:55  Protoss Ground Weapons Level 1  
  79  6:04  Twilight Council  
  79  6:07  Shield Battery  
  79  6:11  Immortal (Chrono Boost)  
  79  6:15  Probe x2  
  85  6:22  Probe  
  86  6:25  Zealot x2  
  88  6:41  Immortal (Chrono Boost)  
  88  6:46  Zealot x4  
  100  6:52  Probe  
  97  6:59  Stalker x2  
  93  7:08  Stalker x3  
  99  7:15  Probe  
  99  7:18  Immortal (Chrono Boost)  
  102  7:23  Zealot x2  
  101  7:36  Stalker x4  
  85  7:41  Observer  
  67  7:51  Adept x2  
  67  7:54  Colossus (Chrono Boost)  
  73  8:00  Stalker x3  
  77  8:07  Sentry  
  77  8:08  Charge (Chrono Boost)  
  79  8:13  Stalker  
  81  8:22  Stalker  
  81  8:23  Stalker  
  81  8:24  Zealot  
  86  8:27  Stalker  
  88  8:35  Shield Battery  
  86  8:46  Stalker x3  
  94  8:59  Zealot x2  
  94  9:07  Pylon  
  60  9:23  Zealot x4  
  56  9:38  Stalker  

Tags
 
Add a new tag
Caveats
  • Supply blocks, unpowered buildings, or Contaminate may cause inaccurate times.
  • Supply counts are checked every 10 seconds.